 Dungeon Sprint DCSS version 0.30-a0-210-g01b79a254e (webtiles) character file.

Game seed: 9382993376941079572

8880 mhtbhm the Earth Mage (level 11, -1/60 HPs)
             Began as a Gargoyle Earth Elementalist on Oct 4, 2022.
             Was a High Priest of Vehumet.
             Slain by a sphinx (7 damage)
             ... while paralysed by a sphinx
             ... in the Dungeon (Sprint II: "The Violet Keep of Menkaure").
             The game lasted 00:10:18 (2662 turns).

mhtbhm the Earth Mage (Gargoyle Earth Elementalist) Turns: 2662, Time: 00:10:19

Health: -1/60      AC: 16    Str: 22    XL:     11   Next: 37%
Magic:  18/30      EV:  2    Int: 20    God:    Vehumet [*****.]
Gold:   354        SH:  0    Dex:  6    Spells: 20/40 levels left

rFire   + . .      SeeInvis .    (no weapon)
rCold   . . .      Faith    .    (no shield)
rNeg    + . .      Spirit   .    a - +0 troll leather armour
rPois   ∞          Reflect  .    p - +2 hat
rElec   +          Harm     .    (no cloak)
rCorr   .          Rampage  .    (no gloves)
Will    .....      NoTele   +    n - +0 pair of boots
Stlth   ++........               l - amulet of magic regeneration
HPRegen 1.10/turn                f - ring of Qakem {Wiz rPois rF+ Str+10 Dex-4}
MPRegen 0.62/turn                d - ring of flight

@: paralysed, flying, slowed
A: sickness immunity, AC +8, negative energy resistance 1, electricity
resistance, torment resistance 1, petrification resistance
a: Renounce Religion


You were in the Dungeon.
You worshipped Vehumet.
Vehumet was extremely pleased with you.
You visited 1 branch You collected 1704 gold pieces.
You spent 1350 gold pieces at shops.

Inventory:

Missiles
 r - 6 poisoned darts
Armour
 a - a +0 troll leather armour (worn)
 n - a +0 pair of boots (worn)
 p - a +2 hat (worn)
Jewellery
 d - a ring of flight (right hand)
 f - the ring of Qakem (left hand) {Wiz rPois rF+ Str+10 Dex-4}
   (You bought it in a shop in the Dungeon)

   [ring of wizardry]

   It improves your spell success rate.
   Str:       It affects your strength (+10).
   Dex:       It affects your dexterity (-4).
   rF:        It protects you from fire.
   rPois:     It protects you from poison.
 l - an amulet of magic regeneration (around neck)
Scrolls
 g - 3 scrolls of blinking
 i - 2 scrolls of amnesia
 k - a scroll of immolation
 q - 3 scrolls of butterflies
 s - a scroll of vulnerability
 t - 3 scrolls of enchant weapon
 w - a scroll of fear
 x - a scroll of silence
Potions
 b - a potion of invisibility
 e - a potion of haste
 h - a potion of mutation {unknown}
 j - a potion of attraction {unknown}
 o - 2 potions of magic
 u - 3 potions of resistance {unknown}
 v - 6 potions of flight {unknown}


   Skills:
 + Level 3.9 Fighting
 + Level 5.4 Armour
 + Level 6.6 Dodging
 + Level 5.2 Stealth
 - Level 0.1 Unarmed Combat
 + Level 15.1 Spellcasting
 + Level 11.6 Conjurations
 + Level 1.2 Transmutations
 + Level 4.8 Fire Magic
 + Level 18.7 Earth Magic


You had 20 spell levels left.
You knew the following spells:

 Your Spells              Type           Power      Damage    Failure   Level
a - Sandblast             Erth           100%       2d20      0%          1
b - Passwall              Tmut/Erth      44%        N/A       1%          2
c - Stone Arrow           Conj/Erth      100%       3d13      1%          3
d - Petrify               Tmut/Erth      53%        N/A       1%          4
e - Scorch                Fire           68%        2d8       1%          2
f - Flame Wave            Conj/Fire      48%        2d12      1%          4
g - Sticky Flame          Conj/Fire      48%        2d7       1%          4

Your spell library contained the following spells:

 Spells                   Type           Power      Damage    Failure   Level
 Yara's Violent Unravell  Hex/Tmut       8%         3d5       12%         5
 Sting                    Tmut/Pois      68%        1d6       1%          1
 Static Discharge         Conj/Air       76%        2-6/arc   1%          2
 Leda's Liquefaction      Hex/Erth       25%        N/A       1%          4
 Arcjolt                  Conj/Air       19%        1d29      1%          5
 Lightning Bolt           Conj/Air       19%        1d33      1%          5
 Airstrike                Air            7%         2d(2-18)  5%          4
 Call Canine Familiar     Summ           15%        N/A       6%          3
 Portal Projectile        Hex/Tloc       30%        N/A       6%          3
 Vhi's Electric Charge    Tloc/Air       30%        N/A       6%          3
 Summon Cactus Giant      Summ           7%         N/A       94%         6
 Maxwell's Capacitive Co  Air            7%         ∞         100%        8
 Cigotuvi's Dreadful Rot  Necr/Pois/Air  Unusable   N/A       N/A         2

Dungeon Overview and Level Annotations

Branches:
Dungeon (1/1)

Altars:
Cheibriados
Dithmenos
Elyvilon
Fedhas
Gozag
Hepliaklqana
Kikubaaqudgha
Makhleb
Nemelex Xobeh
Okawaru
Qazlal
Ru
Sif Muna
Trog
Uskayaw
Vehumet
Wu Jian
Xom
Yredelemnul
Zin
The Shining One
Jiyva
Lugonu

Shops:
D ![:==:((!:?[!=(

Annotations:
D exclusion: oklob plant, Roxanne


Innate Abilities, Weirdness & Mutations

You are immune to sickness and miasma.
Your stone body is resilient. (AC +8)
You are immune to poison.
You resist negative energy. (rN+)
You are resistant to electric shocks. (rElec)
You are resistant to unholy torment.
You are immune to petrification.


Message History

Unknown command.
You feel better.
The sphinx burns! x2; The sphinx hits you but does no damage. x2
The sphinx misses you. The sphinx hits you!
* * * LOW HITPOINT WARNING * * *
The sphinx hits you but does no damage. x2
Unknown command.
Casting: Sticky Flame (safe; 1% risk of failure)
Confirm with . or Enter, or press ? or * to list all spells.
You aren't next to any passable walls.
Unknown command.
Casting: Passwall (safe; 1% risk of failure)
Confirm with . or Enter, or press ? or * to list all spells.
Okay, then.
Casting: Passwall (safe; 1% risk of failure)
Confirm with . or Enter, or press ? or * to list all spells.
Casting: Flame Wave (safe; 1% risk of failure)
Press: ? - help, Dir - look around, f - activate A wave of flame ripples out!
The flame wave engulfs the sphinx.
The sphinx is severely wounded. (Press . to intensify the flame waves.)
The sphinx burns!
The sphinx stops burning.
The sphinx mumbles some strange words.
You feel as though you will be slow longer.
The sphinx hits you!
* * * LOW HITPOINT WARNING * * *
The sphinx hits you.
* * * LOW HITPOINT WARNING * * *
The sphinx closely misses you.
A wave of flame ripples out!
The flame wave engulfs the sphinx!
The sphinx is almost dead.
The sphinx hits you but does no damage. The sphinx closely misses you.
The sphinx hits you but does no damage.
A wave of flame ripples out!
The flame wave engulfs the sphinx!
The sphinx is almost dead.
The sphinx casts a spell.
You suddenly lose the ability to move!
The sphinx hits you but does no damage. The sphinx barely misses you.
The sphinx hits you.
* * * LOW HITPOINT WARNING * * *
The sphinx hits you but does no damage. The sphinx hits you!
You die...

..#▓........▓▓
#)#▓.(.....[▓▓
.##▓▓▓▓▓▓▓'▓▓▓▓+▓
~~~~~~~~~~...≈≈≈▓
########'###.≈≈≈▓
._.....#§~§##≈≈≈▓
_._....#~~≈≈####▓▓
._._...#§~~~≈##..#
_._._..#§~§§§≈#.@#
._._._.#~~§§§≈§.†H$$▓
_._._._#~~§§§§#..#$.▓
._._._.#§~≈§§≈▓..#$$▓
_._._..#~§§≈▓▓▓▓▓▓ ▓▓
########~≈≈§▓zzz≈
~~~~~~~~≈≈§≈▓..z≈
########§▓▓▓▓▓▓▓▓ #
#▓▓


You could see a sphinx.

Vanquished Creatures
  A kraken (D)
  A sphinx (D)
  A crystal guardian (D)
  2 death drakes (D)
  2 deep trolls (D)
  3 manticores (D)
  A merfolk siren (D)
  A yaktaur (D)
  3 polar bears (D)
  A hornet (D)
  4 neqoxecs (D)
  2 redbacks (D)
  Menkaure (D)
  4 water moccasins (D)
  2 swamp drakes (D)
  4 necrophages (D)
  3 worms (D)
  2 spectral bats (D)
  3 tentacles (D)
41 creatures vanquished.

Vanquished Creatures (others)
  8 tentacles (D)
8 creatures vanquished.

Grand Total: 49 creatures vanquished

Notes
Turn   | Place    | Note
-------+----------+-------------------------------------------
     0 | D        | mhtbhm the Gargoyle Earth Elementalist began the quest for
                  | the Orb.
     0 | D        | Reached XP level 1. HP: 10/10 MP: 3/3
     1 | D        | Noticed a merfolk siren
     5 | D        | Noticed a necrophage
     5 | D        | Noticed a necrophage
     5 | D        | Noticed a necrophage
     5 | D        | Noticed a necrophage
    17 | D        | Killed a necrophage
    18 | D        | Reached skill level 7 in Earth Magic
    18 | D        | Reached XP level 2. HP: 15/15 MP: 1/7
    18 | D        | Reached XP level 3. HP: 19/19 MP: 1/8
    18 | D        | Reached XP level 4. HP: 24/24 MP: 1/10
    23 | D        | Killed a necrophage
    24 | D        | Reached skill level 5 in Spellcasting
    24 | D        | Reached skill level 8 in Earth Magic
    24 | D        | Reached XP level 5. HP: 28/28 MP: 0/12
    31 | D        | Reached skill level 10 in Earth Magic
    37 | D        | Reached skill level 1 in Transmutations
    37 | D        | Reached XP level 6. HP: 32/32 MP: 1/15
   125 | D        | Learned a level 2 spell: Passwall
   129 | D        | Learned a level 3 spell: Stone Arrow
   134 | D        | Learned a level 4 spell: Petrify
   254 | D        | Noticed a neqoxec
   254 | D        | Noticed a neqoxec
   254 | D        | Noticed a neqoxec
   254 | D        | Noticed a neqoxec
   260 | D        | Killed a neqoxec
   261 | D        | Reached skill level 1 in Conjurations
   261 | D        | Reached skill level 12 in Earth Magic
   264 | D        | Killed a neqoxec
   265 | D        | Reached skill level 1 in Fighting
   265 | D        | Reached XP level 7. HP: 28/38 MP: 13/18
   266 | D        | Killed a neqoxec
   267 | D        | Reached skill level 13 in Earth Magic
   270 | D        | Killed a neqoxec
   406 | D        | Killed a merfolk siren
   407 | D        | Reached skill level 10 in Spellcasting
   407 | D        | Reached skill level 14 in Earth Magic
   407 | D        | Reached XP level 8. HP: 44/44 MP: 11/22
   466 | D        | Found Xuimefeu's Distillery.
   466 | D        | Found Repp's Jewellery Shoppe.
   466 | D        | Found Vajawij's Magic Scroll Emporium.
   466 | D        | Found Pokhe's Antique Armour Emporium.
   466 | D        | Found Memoi's Distillery.
   466 | D        | Found Zazianusi's Book Shoppe.
   467 | D        | Found Yffumal's Weapon Shoppe.
   467 | D        | Found Viazen's Antique Weapon Emporium.
   468 | D        | Found Joisuhusk's Book Emporium.
   469 | D        | Found Putec's Weapon Emporium.
   470 | D        | Found Dutaqeli's Jewellery Shoppe.
   470 | D        | Found Poatoire's Jewellery Emporium.
   470 | D        | Noticed Menkaure
   470 | D        | Noticed an iron elemental
   470 | D        | Noticed an oklob plant
   471 | D        | Found Duogits's Distillery.
   471 | D        | Found Vuom's Antique Armour Shoppe.
   471 | D        | Found Wushrio's Book Shoppe.
   471 | D        | Noticed a fire dragon
   485 | D        | Killed Menkaure
   518 | D        | Bought a potion of invisibility for 96 gold pieces
   534 | D        | Bought a ring of flight for 175 gold pieces
   542 | D        | Bought the ring of Qakem {Wiz rPois rF+ Str+10 Dex-4} for
                  | 608 gold pieces
   569 | D        | Reached skill level 5 in Conjurations
   585 | D        | Found an iron altar of Okawaru.
   585 | D        | Found a radiant altar of Vehumet.
   595 | D        | Noticed Roxanne
   599 | D        | Found a glowing golden altar of the Shining One.
   599 | D        | Found a basalt altar of Yredelemnul.
   600 | D        | Found a shimmering altar of Xom.
   600 | D        | Found a glowing silver altar of Zin.
   600 | D        | Found a bloodstained altar of Trog.
   600 | D        | Found a hide-covered altar of Uskayaw.
   600 | D        | Found a burning altar of Makhleb.
   604 | D        | Got the Parchment of Meteoric Transformation
   616 | D        | Found a sparkling altar of Nemelex Xobeh.
   618 | D        | Found an opulent altar of Gozag.
   620 | D        | Found a blossoming altar of Fedhas.
   620 | D        | Found a corrupted altar of Lugonu.
   620 | D        | Found a shimmering blue altar of Sif Muna.
   623 | D        | Found a white marble altar of Elyvilon.
   623 | D        | Found an ancient bone altar of Kikubaaqudgha.
   624 | D        | Found a shadowy altar of Dithmenos.
   624 | D        | Found a viscous altar of Jiyva.
   625 | D        | Found a snail-covered altar of Cheibriados.
   626 | D        | Noticed a polar bear
   628 | D        | Found a sacrificial altar of Ru.
   628 | D        | Found a hazy altar of Hepliaklqana.
   628 | D        | Noticed a hornet
   629 | D        | Found an ornate altar of the Wu Jian Council.
   629 | D        | Found a stormy altar of Qazlal.
   629 | D        | Noticed a yaktaur
   637 | D        | Became a worshipper of Vehumet
   641 | D        | Noticed a polar bear
   644 | D        | Killed a polar bear
   644 | D        | Noticed a polar bear
   645 | D        | Reached skill level 15 in Earth Magic
   649 | D        | Killed a yaktaur
   650 | D        | Reached skill level 5 in Dodging
   650 | D        | Reached XP level 9. HP: 12/48 MP: 5/24
   783 | D        | Killed a hornet
   783 | D        | Reached * piety under Vehumet
   783 | D        | Offered knowledge of Shock by Vehumet.
   784 | D        | Killed a polar bear
   785 | D        | Reached skill level 5 in Stealth
   785 | D        | Killed a polar bear
   786 | D        | Reached skill level 16 in Earth Magic
   880 | D        | Noticed a kraken
  1008 | D        | Learned a level 2 spell: Scorch
  1013 | D        | Learned a level 4 spell: Flame Wave
  1055 | D        | Reached ** piety under Vehumet
  1055 | D        | Offered knowledge of Searing Ray by Vehumet.
  1211 | D        | Noticed a deep troll
  1211 | D        | Noticed a deep troll
  1216 | D        | Killed a deep troll
  1221 | D        | Killed a deep troll
  1221 | D        | Offered knowledge of Poisonous Vapours by Vehumet.
  1222 | D        | Reached skill level 17 in Earth Magic
  1222 | D        | Reached XP level 10. HP: 55/55 MP: 2/27
  1397 | D        | Killed a kraken
  1397 | D        | Reached *** piety under Vehumet
  1598 | D        | Noticed a great orb of eyes
  1606 | D        | Bought a fine robe for 171 gold pieces
  1606 | D        | Identified the +0 robe of the Gate {rC- rN+ Str+8 Int-5}
                  | (You bought it in a shop in the Dungeon)
  1617 | D        | Bought an amulet of magic regeneration for 300 gold pieces
  1665 | D        | Noticed a death drake
  1671 | D        | Killed a death drake
  1673 | D        | Offered knowledge of Frozen Ramparts by Vehumet.
  1792 | D        | Noticed a death drake
  1793 | D        | Noticed a crystal guardian
  1904 | D        | Killed a crystal guardian
  1905 | D        | Reached skill level 10 in Conjurations
  1913 | D        | Killed a death drake
  1913 | D        | Reached **** piety under Vehumet
  1913 | D        | Offered knowledge of Sticky Flame by Vehumet.
  1914 | D        | Reached skill level 18 in Earth Magic
  1916 | D        | Reached XP level 11. HP: 19/60 MP: 10/29
  2058 | D        | Learned a level 4 spell: Sticky Flame
  2076 | D        | Noticed a manticore
  2076 | D        | Noticed a manticore
  2076 | D        | Noticed a manticore
  2081 | D        | Killed a manticore
  2112 | D        | Killed a manticore
  2113 | D        | Reached skill level 5 in Armour
  2126 | D        | Killed a manticore
  2186 | D        | Reached ***** piety under Vehumet
  2186 | D        | Offered knowledge of Yara's Violent Unravelling by Vehumet.
  2285 | D        | Noticed a deep elf master archer
  2644 | D        | Noticed a sphinx
  2644 | D        | Noticed a sphinx
  2651 | D        | Killed a sphinx
  2652 | D        | Reached skill level 15 in Spellcasting
  2653 | D        | Paralysed by a sphinx for 5 turns
  2661 | D        | Paralysed by a sphinx for 5 turns
  2662 | D        | Slain by a sphinx

Illustrated notes

Levels and vault maps discovered:
D:        the_violet_keep_of_menkaure [sprint2_stairs_cluster_1,
          sprint2_shoproom, sprint2_temple, sprint2_basic_supplies,
          sprint2_obstacle_4, sprint2_obstacle_6, sprint2_obstacle_2,
          sprint2_obstacle_3, sprint2_obstacle_5, sprint2_timed_cluster_1,
          sprint2_smallroom_cluster_1, sprint2_smallroom_final_cluster_1,
          sprint2_transparent_cluster_1, sprint2_second_timed_cluster_1,
          sprint2_sniper_area_1, sprint2_heavy_combat_area_1,
          sprint2_mutation_trap_area_1, sprint2_forest_area_1,
          sprint2_light_combat_area_1, sprint2_behind_water_1,
          sprint2_near_end_vault_1]

Skill      XL: |  1  2  3  4  5  6  7  8  9 10 11 |
---------------+----------------------------------+-----
Dodging        | 2 3 4 5 6 |  6.6
Stealth        | 3 4 5 |  5.2
Spellcasting   | 4 5 6 8 10 11 13 14 15 | 15.1
Earth Magic    | 7 8 10 12 14 15 17 18 | 18.7
Transmutations | 1 |  1.2
Conjurations   | 2 4 6 8 10 11 | 11.6
Fighting       | 1 2 3 |  3.9
Armour         | 4 5 |  5.4
Fire Magic     | 3 4 |  4.8
Unarmed Combat | |  0.1

Action                   |  1- 3 |  4- 6 |  7- 9 | 10-12 || total
-------------------------+-------+-------+-------+-------++-------
Melee: Unarmed           |       |    16 |     1 |       ||    17
 Cast: Sandblast         |     9 |     3 |     8 |       ||    20
       Stone Arrow       |       |    11 |    40 |    39 ||    90
       Scorch            |       |       |       |     7 ||     7
       Flame Wave        |       |       |       |     5 ||     5
       Sticky Flame      |       |       |       |     2 ||     2
  Use: Potion            |     3 |     2 |     1 |     4 ||    10
       Scroll            |       |       |     7 |       ||     7
Armor: Robe              |     3 |     6 |     6 |       ||    15
       Troll leather arm |       |       |       |    38 ||    38
Dodge: Dodged            |     9 |     4 |    15 |    28 ||    56

Table legend: (Time is in decaauts)
 A = Elapsed time spent in this place.
 B = Non-inter-level travel time spent in this place.
 C = Inter-level travel time spent in this place.
 D = Time resting spent in this place.
 E = Time spent auto-exploring this place.
 F = Levels seen in this place.
 G = Mean time per level.
                   A        B        C        D        E       F      G
               +--------+--------+--------+--------+--------+-----+--------+
         Total |   2683 |   2683 |      0 |   1772 |      0 |   1 | 2683.0 |
       Dungeon |   2683 |   2683 |      0 |   1772 |      0 |   1 | 2683.0 |
               +--------+--------+--------+--------+--------+-----+--------+

Top non-repeatable levels by time:
       D: 2683 daAuts
